 Dungeon Sprint DCSS version 0.18-a0-1800-gdc7a371 (webtiles) character file.

2144 Moloch the Severer (level 9, 0/61 HPs)
             Began as a Gargoyle Berserker on Apr 24, 2016.
             Was a High Priest of Trog.
             Slain by an orc warrior
             ... wielding a +0 glaive
              (1 damage)
             ... in the Dungeon (Sprint III: "The Ten Rune Challenge").
             The game lasted 00:03:59 (1197 turns).

Moloch the Severer (Gargoyle Berserker)             Turns: 1197, Time: 00:04:00

Health: 0/61       AC:  8    Str: 21    XL:     9   Next: 30%
Magic:  9/9        EV: 12    Int:  8    God:    Trog [*****.]
Gold:   23         SH:  0    Dex: 12    Spells: 0 memorised, 8 levels left

rFire  . . .     SeeInvis .     a - +0 hand axe
rCold  . . .     Gourm    .     b - +0 animal skin
rNeg   + . .     Faith    .     (no shield)
rPois  ∞         Spirit   .     (no helmet)
rElec  +         Dismiss  .     l - +0 cloak
rCorr  .         Reflect  .     (no gloves)
SustAt .         Harm     .     (no boots)
MR     .....     NoTele   +     (no amulet)
Stlth  +.........               (no ring)
                                (no ring)

@: exhausted, slowed, very slow, not resistant to hostile enchantments, very
unstealthy
A: negative energy resistance 1, electricity resistance, unbreathing,
petrification resistance, rot immunity, AC +5
a: Berserk, Trog's Hand, Brothers in Arms, Burn Spellbooks, Renounce Religion


You were in the Dungeon.
You worshipped Trog.
Trog was extremely pleased with you.
You were not hungry.

You visited 1 branch You collected 23 gold pieces.

Inventory:

Hand Weapons
 a - a +0 hand axe (weapon)
Armour
 b - a +0 animal skin (worn)
 l - a +0 cloak (worn)
Wands
 x - a wand of digging (12/24)
Scrolls
 i - a scroll of blinking
 n - a scroll of holy word {unknown}
 o - 2 scrolls of identify
 p - 2 scrolls of remove curse
 t - a scroll of torment {unknown}
 u - a scroll of magic mapping {unknown}
 v - a scroll of fear {unknown}
Potions
 d - 3 potions of curing
 e - a potion of heal wounds
 f - a potion of haste
 g - 2 potions of magic
 h - a potion of berserk rage
 j - 2 potions of flight {unknown}
 m - 2 potions of mutation {unknown}
 r - a potion of cure mutation {unknown}
 s - 2 potions of might
 w - a potion of brilliance {unknown}
Books
 k - a book of Misfortune

   Spells                             Type                      Level
   a - Confusing Touch                Hexes                        2
   b - Confuse                        Hexes                        3
   c - Gell's Gravitas                Hexes/Translocation          3
   d - Petrify                        Transmutation/Earth          4
   e - Metabolic Englaciation         Hexes/Ice                    5
   f - Yara's Violent Unravelling     Hexes/Transmutation          5
   Trog disapproves of the use of such an item.
Comestibles
 c - a bread ration


   Skills:
 + Level 9.4 Fighting
 + Level 16.5 Axes
 - Level 2.1 Armour
 - Level 1.5 Dodging


You had 8 spell levels left.
You didn't know any spells.

Dungeon Overview and Level Annotations

Branches:
Dungeon (1/1)

Altars:
Cheibriados
Dithmenos
Elyvilon
Fedhas
Gozag
Kikubaaqudgha
Makhleb
Nemelex Xobeh
Okawaru
Pakellas
Qazlal
Ru
Sif Muna
Trog
Vehumet
Xom
Yredelemnul
Zin
The Shining One
Jiyva
Lugonu

Shops:
D :


Innate Abilities, Weirdness & Mutations

You are resistant to torment.
Your stone body is resilient (AC +5).
You are immune to poison.
You resist negative energy.
You are resistant to electric shocks.
You can survive without breathing.
You are immune to petrification.
You are immune to rotting.


Message History

Trog accepts your kill.
Things that are here:
a ring mail; a hand axe; a chain mail You feel a strong urge to attack something.
There is an open door, spattered with blood here.
Things that are here:
a dagger; a robe; an orc corpse You are no longer berserk.
You are exhausted.
You feel yourself slow down.
Things that are here:
a ring mail; a hand axe; a chain mail Unknown command.
Your deep troll goes berserk!
You feel somewhat more hungry. The orc closely misses your deep troll.
The orc warrior hits you with a glaive!
* * * LOW HITPOINT WARNING * * *
The orc hits your deep troll but does no damage.
The orc warrior hits you with a glaive.
You die...

.#..###'#'###'##$$oo.o..
'#..#..........#$ooo.o..
#...'.⌠........#o)oo∩#
#...#...######'#4#
....#.⌠.#__#...#'########
)...#...#__#..)#.o..#.#.#
....#'###__#..)##.#..#.#
....#.).#__#...)##o#.#.#
....#___#__'...#@oT#.)#..#
▓▓▓▓▓▓▓▓▓▓▓▓▓▓▓▓▓▓▓▓▓▓▓▓▓▓


You could see an orc warrior, an orc and a friendly deep troll (berserk).

Vanquished Creatures
  A deep elf mage (D)
  An orc sorcerer (D)
  A shadow (D)
  A spatial vortex (D)
  3 orc warriors (D)
  A necrophage (D)
  3 two-headed ogres (D)
  A water elemental (D)
  A wizard (D)
  A jelly (D)
  Jessica (D)
  Crazy Yiuf (D)
  A necromancer (D)
  3 humans (D)
  A kobold demonologist (D)
  2 oozes (D)
  4 orcs (D)
  A rat (D)
28 creatures vanquished.

Vanquished Creatures (others)
  2 draconian scorchers (D)
  3 yaktaurs (D)
5 creatures vanquished.

Grand Total: 33 creatures vanquished

Notes
Turn   | Place    | Note
--------------------------------------------------------------
     0 | D        | Moloch the Gargoyle Berserker began the quest for the Orb.
     0 | D        | Reached XP level 1. HP: 14/14 MP: 1/1
    12 | D        | Reached skill level 4 in Axes
    16 | D        | Reached ** piety under Trog
    16 | D        | Reached XP level 2. HP: 7/19 MP: 2/2
    32 | D        | Killed a yaktaur
   168 | D        | Noticed Jessica
   170 | D        | Killed a white draconian scorcher
   175 | D        | Killed Jessica
   175 | D        | Reached skill level 6 in Axes
   175 | D        | Reached XP level 3. HP: 20/23 MP: 3/3
   207 | D        | Noticed Crazy Yiuf
   212 | D        | Killed a white draconian scorcher
   221 | D        | Reached skill level 7 in Axes
   239 | D        | Killed a yaktaur
   266 | D        | Killed Crazy Yiuf
   266 | D        | Reached *** piety under Trog
   266 | D        | Reached skill level 8 in Axes
   266 | D        | Reached XP level 4. HP: 28/28 MP: 4/4
   350 | D        | Noticed a water elemental
   357 | D        | Killed a water elemental
   357 | D        | Reached skill level 9 in Axes
   357 | D        | Reached XP level 5. HP: 32/32 MP: 5/5
   408 | D        | Found an iron altar of Okawaru.
   408 | D        | Found a bloodstained altar of Trog.
   408 | D        | Noticed a human
   408 | D        | Noticed a human
   417 | D        | Killed a human
   417 | D        | Reached skill level 11 in Axes
   417 | D        | Reached XP level 6. HP: 37/37 MP: 6/6
   425 | D        | Killed a human
   425 | D        | Reached skill level 12 in Axes
   474 | D        | Found a glowing silver altar of Zin.
   474 | D        | Found a glowing golden altar of the Shining One.
   474 | D        | Found a white marble altar of Elyvilon.
   474 | D        | Noticed a deep elf mage
   484 | D        | Killed a deep elf mage
   484 | D        | Reached **** piety under Trog
   484 | D        | Reached skill level 14 in Axes
   484 | D        | Reached XP level 7. HP: 21/41 MP: 7/7
   685 | D        | Found a snail-covered altar of Cheibriados.
   693 | D        | Reached skill level 15 in Axes
   693 | D        | Reached XP level 8. HP: 48/48 MP: 8/8
   694 | D        | Found a basalt altar of Yredelemnul.
   694 | D        | Found a blossoming altar of Fedhas.
   740 | D        | Found a radiant altar of Vehumet.
   743 | D        | Found a deep blue altar of Sif Muna.
   743 | D        | Found an ancient bone altar of Kikubaaqudgha.
   748 | D        | Reached ***** piety under Trog
   785 | D        | Noticed a shadow
   846 | D        | Killed a shadow
   846 | D        | Reached skill level 5 in Fighting
   968 | D        | Killed a yaktaur
   976 | D        | Found an oddly glowing altar of Pakellas.
   976 | D        | Found a stormy altar of Qazlal.
   977 | D        | Found a sacrificial altar of Ru.
   977 | D        | Found a burning altar of Makhleb.
   977 | D        | Found a viscous altar of Jiyva.
   977 | D        | Found a shimmering altar of Xom.
   977 | D        | Found a shadowy altar of Dithmenos.
   977 | D        | Found a sparkling altar of Nemelex Xobeh.
   977 | D        | Found a corrupted altar of Lugonu.
   977 | D        | Found an opulent altar of Gozag.
  1147 | D        | Found Wuqat's Book Shoppe.
  1147 | D        | Noticed an orc sorcerer
  1149 | D        | Noticed a red devil
  1165 | D        | Noticed a ynoxinul
  1174 | D        | Killed an orc sorcerer
  1174 | D        | Received a gift from Trog
  1174 | D        | Reached skill level 16 in Axes
  1174 | D        | Reached XP level 9. HP: 34/60 MP: 9/9
  1197 | D        | HP: 1/61 [orc warrior/glaive (7)]
  1197 | D        | Slain by an orc warrior

Vault maps used:
D:        dungeon_sprint_mu

Skill      XL: |  1  2  3  4  5  6  7  8  9 |
---------------+----------------------------+-----
Axes           | 4 6 8 9 11 14 15 16 | 16.5
Fighting       | 4 8 9 |  9.4
Armour         | |  2.1
Dodging        | |  1.5

Action                   |  1- 3 |  4- 6 |  7- 9 || total
-------------------------+-------+-------+-------++-------
Melee: Hand axe          |    28 |    25 |    83 ||   136
Invok: Berserk           |     2 |     3 |     7 ||    12
       Brothers in Arms  |       |       |     2 ||     2
  Eat: Chunk             |       |     3 |     1 ||     4
       Royal jelly       |       |       |     3 ||     3
       Bread ration      |       |       |     1 ||     1
Armor: Animal skin       |     6 |     3 |    15 ||    24
Dodge: Dodged            |    11 |     6 |    31 ||    48
